 Dungeon Crawl Stone Soup version 0.26-a0-201-gb271ac0e06 (webtiles) character file.

Game seed: 3286717739054168974

49818 Flugkiller the Geomancer (level 14, -11/124 HPs)
             Began as a White Draconian Earth Elementalist on July 5, 2020.
             Was the Champion of Cheibriados.
             Mangled by a +3 dire flail of holy wrath (19 damage)
             ... on level 1 of the Elven Halls.
             The game lasted 01:12:37 (5971 turns).

Flugkiller the Geomancer (DrEE)                     Turns: 5971, Time: 01:12:38

Health: -11/124    AC: 15    Str: 26    XL:     14   Next: 17%
Magic:  8/24       EV: 25    Int: 34    God:    Cheibriados [******]
Gold:   46         SH:  9    Dex: 32    Spells: 4/27 levels left

rFire    . . .     SeeInvis +   q - +9 trident of Vyigul {drain, Dex+4}
rCold    + . .     Faith    .   w - +2 buckler {rPois}
rNeg     . . .     Spirit   .   (armour unavailable)
rPois    +         Reflect  .   h - +2 hat
rElec    .         Harm     .   (no cloak)
rCorr    .                      i - +1 pair of gloves
MR       +....                  F - +2 pair of boots
Stlth    +++.......             g - amulet of magic regeneration
HPRegen  0.30/turn              l - ring of poison resistance
MPRegen  0.44/turn              y - ring of see invisible

@: about to teleport, very slightly contaminated, very slow
A: breathe frost, unfitting armour, cold resistance 1, cold-blooded, AC +8
a: Breathe Frost, Bend Time, Temporal Distortion, Slouch, Step From Time,
Renounce Religion


You were on level 1 of the Elven Halls.
You worshipped Cheibriados.
Cheibriados was exalted by your worship.
You were not hungry.

You visited 5 branches of the dungeon, and saw 18 of its levels.

You collected 1363 gold pieces.
You spent 1317 gold pieces at shops.

Inventory:

Hand Weapons
 q - the +9 trident of Vyigul (weapon) {drain, Dex+4}
   (You found it on level 9 of the Dungeon)

   A truly terrible weapon, it drains the life of those it strikes.
   It affects your dexterity (+4).
 L - a +4 scimitar of flaming
   (You took it off Erica on level 1 of the Orcish Mines)
Missiles
 b - 82 stones
 f - 202 arrows
 H - 9 boomerangs (quivered)
Armour
 h - a +2 hat (worn)
   (You found it on level 1 of the Dungeon)
 i - a +1 pair of gloves (worn)
   (You found it on level 1 of the Dungeon)
 w - a +2 buckler of poison resistance (worn)
   (You found it on level 4 of the Dungeon)
 F - a +2 pair of boots (worn)
   (You found it on level 7 of the Dungeon)
Magical Staves
 r - an uncursed staff of cold
   (You found it on level 9 of the Dungeon)
Jewellery
 a - an uncursed amulet of the acrobat
   (You found it on level 9 of the Dungeon)
 g - an amulet of magic regeneration (around neck)
   (You found it on level 1 of the Dungeon)
 l - a ring of poison resistance (left hand)
   (You found it on level 2 of the Dungeon)
 o - an uncursed ring of flight
   (You found it on level 2 of the Dungeon)
 v - a +6 ring of strength
   (You found it on level 9 of the Dungeon)
 y - a ring of see invisible (right hand)
   (You found it on level 6 of the Dungeon)
Wands
 u - a wand of iceblast (15)
   (You found it on level 6 of the Dungeon)
 A - a wand of digging (2)
   (You took it off Sigmund on level 5 of the Dungeon)
 D - a wand of paralysis (11)
   (You found it on level 6 of the Dungeon)
Scrolls
 d - a scroll of amnesia
 k - a scroll of noise {unknown}
 m - 4 scrolls of teleportation
 n - a scroll of remove curse
 p - a scroll of fog
 s - 2 scrolls of immolation {unknown}
 x - a scroll of fear
 B - a scroll of magic mapping
 I - a scroll of random uselessness {unknown}
 M - a scroll of identify
 N - a scroll of vulnerability {unknown}
Potions
 e - 3 potions of curing
 j - a potion of brilliance
 t - 2 potions of cancellation
 z - 3 potions of flight
 C - a potion of mutation {unknown}
 E - a potion of heal wounds {unknown}
 J - a potion of might
 K - a potion of ambrosia {unknown}
Comestibles
 c - 2 rations
 O - 2 chunks of flesh


   Skills:
 - Level 11.5 Fighting
 - Level 10.4 Dodging
 - Level 1.7 Stealth
 - Level 4.0 Shields
 - Level 7.0 Spellcasting
 - Level 5.0 Conjurations
 - Level 6.0 Transmutations
 + Level 9.4 Ice Magic
 - Level 12.0 Earth Magic
 - Level 8.0 Invocations
 - Level 4.1 Evocations


You had 4 spell levels left.
You knew the following spells:

 Your Spells              Type           Power        Failure   Level  Hunger
a - Sandblast             Erth           ######       1%          1    None
b - Stone Arrow           Conj/Erth      ######       1%          3    None
c - Lee's Rapid Deconstr  Erth           #######...   1%          5    ####...
d - Sticks to Snakes      Tmut           ######..     1%          2    None
e - Petrify               Tmut/Erth      ######..     1%          4    #......
f - Ozocubu's Refrigerat  Ice            ######....   12%         6    ######.
w - Passwall              Tmut/Erth      ######..     1%          2    None

Your spell library contained the following spells:

 Spells                   Type           Power        Failure   Level  Hunger
 Beastly Appendage        Tmut           ######       1%          1    None
 Shock                    Conj/Air       ####         1%          1    None
 Ice Form                 Ice/Tmut       ######..     1%          4    #......
 Spider Form              Tmut/Pois      ####......   3%          3    None
 Static Discharge         Conj/Air       ####....     3%          3    None
 Ignite Poison            Fire/Tmut/Pois ####....     4%          3    None
 Corpse Rot               Necr/Air       N/A          5%          2    None
 Sublimation of Blood     Necr           ##........   5%          2    None
 Swiftness                Chrm/Air       ##......     5%          2    None
 Airstrike                Air            ##........   34%         4    #......
 Dispel Undead            Necr           ##......     34%         4    #......
 Blade Hands              Tmut           ######....   9%          5    ####...
 Irradiate                Conj/Tmut      #####.....   11%         5    ####...
 Metabolic Englaciation   Hex/Ice        #####.....   14%         5    ####...
 Alistair's Intoxication  Tmut/Pois      ####....     28%         5    ####...
 Lightning Bolt           Conj/Air       ####......   34%         5    ####...
 Freezing Cloud           Conj/Ice/Air   #####.....   61%         6    ######.
 Simulacrum               Ice/Necr       #####.....   63%         6    ######.
 Agony                    Necr           ##......     69%         5    ####...
 Excruciating Wounds      Chrm/Necr      ##........   69%         5    ####...
 Eringya's Noxious Bog    Tmut/Pois      ####......   85%         6    ######.


Dungeon Overview and Level Annotations

Branches:
Dungeon (12/15)            Temple (1/1) D:6            Lair (1/6) D:10
    Orc (2/2) D:10            Elf (2/3) Orc:2

Altars:
Ashenzari
Cheibriados
Elyvilon
Gozag
Hepliaklqana
Kikubaaqudgha
Nemelex Xobeh
Ru
Sif Muna
Uskayaw
Vehumet
Wu Jian
Xom
Yredelemnul
The Shining One
Beogh

Shops:
D:11 =   Orc:1 :([?(   Orc:2 =![*(

Annotations:
D:8 4 runed translucent doors
D:10 exclusion: downstairs


Innate Abilities, Weirdness & Mutations

You can breathe waves of freezing cold.
You can buffet flying creatures when you breathe cold.
Your icy white scales are hard. (AC +8)
You cannot fit into any form of body armour.
Your flesh is cold resistant. (rC+)
You are cold-blooded and may be slowed by cold attacks.


Message History

Aim: a deep elf archer, wielding a +0 longbow, wearing a +0 leather armour and quivering 17 arrows (heavily wounded, repelling missiles)
The mass of ice explodes!
The iceblast engulfs the deep elf archer!
The deep elf archer is severely wounded.
A +1 vorpal flail comes into view.
The deep elf archer points at you and mumbles some strange words.
You resist with some effort.
Unknown command.
Okay, then.
Okay, then.
Okay, then.
Evoke which item? (* to show all) (? for menu, Esc to quit)
Aiming: Iceblast
Press: ? - help, Shift-Dir - straight line, f/p - deep elf archer
Aim: a deep elf archer, wielding a +0 longbow, wearing a +0 leather armour and quivering 17 arrows (severely wounded, repelling missiles)
The mass of ice explodes!
The iceblast engulfs the deep elf archer!
You kill the deep elf archer!
Cheibriados thoroughly appreciates the change of pace.
A +3 dire flail of holy wrath comes into view.
Unknown command.
Unknown command.
Unknown command.
Unknown command.
Blink to where?
Press: ? - help, Dir - move target cursor You are very lightly contaminated with residual magic.
As you read the scroll of blinking, it crumbles to dust.
An earth elemental comes into view. x2
Found a robe.
The +3 dire flail of holy wrath hits you!
* * * LOW HITPOINT WARNING * * *
You climb upwards.
A deep elf knight and 2 deep elf magi come into view.
The deep elf mage shouts!
The deep elf knight shouts!
The deep elf knight wields a +0 shortbow.
The deep elf knight shoots an arrow.
The arrow hits you!
* * * LOW HITPOINT WARNING * * *
Found 19 arrows.
There is a stone staircase leading down here.
You see here an arrow.
Unknown command.
As you read the scroll of teleportation, it crumbles to dust.
You feel strangely unstable.
The +3 dire flail of holy wrath hits you.
* * * LOW HITPOINT WARNING * * *
The deep elf knight casts a spell.
The deep elf knight seems to speed up.
The +3 dire flail of holy wrath hits you!!
You die...

#++### ......#
.......##
e...e...##
.........######
....(..{..'...e
#......@..'....
##.......######
##.....##
#......##
#.##### #
######


You could see a deep elf knight (fast), 2 deep elf magi and a +3 dire flail of
holy wrath.

Vanquished Creatures
  2 hydras (D:11)
  4 ogre magi (Orc:2)
  4 dancing weapons
  Erica (Orc:1)
  20 two-headed ogres
  A centaur warrior (D:9)
  Nergalle (D:9)
  8 deep elf knights (Elf:1)
  5 deep elf archers
  2 orc knights
  9 deep elf magi
  2 cyclopes (Orc:2)
  A manticore (D:11)
  An ugly thing (D:11)
  Psyche (D:9)
  2 gargoyles
  Maggie (D:6)
  A komodo dragon (D:10)
  2 trolls
  Grinder (D:6)
  3 hippogriffs
  Sigmund (D:5)
  A wraith (D:10)
  A water elemental (Elf:2)
  A shadow (D:9)
  A basilisk (D:9)
  3 wyverns (D:9)
  12 yaks
  5 hungry ghosts
  A warg (Orc:1)
  2 two-headed ogre zombies (D:10)
  3 soldier ants
  21 orc warriors
  2 black bears
  3 ice beasts
  3 sky beasts (D:11)
  34 ogres
  2 phantoms
  3 necrophages
  2 crocodiles
  3 centaurs
  Blork the orc (D:6)
  2 bullfrogs
  2 wyvern zombies
  A scorpion (D:6)
  A wight (D:9)
  4 killer bees
  A troll zombie (D:10)
  6 electric eels
  2 howler monkeys
  A quasit (D:6)
  A bullfrog zombie (D:6)
  5 orc priests
  12 orc wizards
  8 hounds
  A bullfrog skeleton (D:9)
  2 centaur skeletons
  2 jellies (D:11)
  4 iguanas
  12 worker ants
  A killer bee zombie (D:9)
  5 ogre zombies (D:10)
  2 hound zombies
  2 hound skeletons
  8 gnolls (D:8)
  8 adders
  2 white imps
  An ufetubus (D:10)
  2 adder skeletons
  3 worms
  3 dart slugs
  3 leopard geckos
  45 orcs
  2 ball pythons
  4 giant cockroaches
  7 goblins
  5 hobgoblins
  5 jackals
  8 kobolds
  A quokka (D:10)
  9 bats
  4 frilled lizards
  A goblin skeleton (D:10)
  2 goblin zombies (D:10)
  3 hobgoblin skeletons (D:10)
  A hobgoblin zombie (D:10)
  A jackal skeleton (D:7)
  A leopard gecko skeleton (D:4)
  18 orc zombies (D:10)
  3 rats
404 creatures vanquished.

Vanquished Creatures (others)
  A deep elf mage (Elf:1)
1 creature vanquished.

Grand Total: 405 creatures vanquished

Notes
Turn   | Place    | Note
-------+----------+-------------------------------------------
     0 | D:1      | Flugkiller the Draconian Earth Elementalist began the quest
                  | for the Orb.
     0 | D:1      | Reached XP level 1. HP: 14/14 MP: 3/3
   135 | D:1      | Reached XP level 2. HP: 20/20 MP: 1/5
   243 | D:1      | Learned a level 2 spell: Passwall
   270 | D:2      | Reached XP level 3. HP: 26/26 MP: 7/7
   343 | D:2      | Found a faded altar of an unknown god.
   453 | D:2      | Noticed a phantom
   470 | D:2      | Killed a phantom
   470 | D:2      | Reached skill level 4 in Earth Magic
   470 | D:2      | Reached XP level 4. HP: 18/33 MP: 1/9
   491 | D:2      | Reached XP level 5. HP: 23/38 MP: 10/10
   496 | D:2      | Learned a level 3 spell: Stone Arrow
   502 | D:2      | Learned a level 5 spell: Lee's Rapid Deconstruction
  1371 | D:4      | Reached skill level 5 in Earth Magic
  1433 | D:4      | Noticed an ogre
  1439 | D:4      | Killed an ogre
  1439 | D:4      | Reached XP level 6. HP: 45/45 MP: 8/12
  1467 | D:4      | Reached skill level 6 in Earth Magic
  1490 | D:4      | Found a white marble altar of Elyvilon.
  1607 | D:5      | Entered Level 5 of the Dungeon
  1831 | D:5      | Reached skill level 7 in Earth Magic
  1831 | D:5      | Your scales start taking on an icy white colour.
  1831 | D:5      | Reached XP level 7. HP: 30/50 MP: 10/13
  1831 | D:5      | Gained mutation: Your flesh is cold resistant. (rC+) [White
                  | Draconian growth]
  1901 | D:6      | Found a staircase to the Ecumenical Temple.
  1908 | Temple   | Entered the Ecumenical Temple
  1951 | Temple   | Became a worshipper of Cheibriados the Contemplative
  1989 | D:6      | Noticed Blork the orc
  1996 | D:6      | Reached skill level 1 in Shields
  1996 | D:6      | Reached skill level 8 in Earth Magic
  2002 | D:6      | Killed Blork the orc
  2050 | D:6      | Reached XP level 8. HP: 53/55 MP: 11/14
  2111 | D:6      | Noticed Grinder
  2114 | D:6      | Killed Grinder
  2143 | D:5      | Noticed Sigmund
  2148 | D:5      | Killed Sigmund
  2148 | D:5      | Reached skill level 9 in Earth Magic
  2332 | D:6      | Noticed Maggie
  2342 | D:6      | Killed Maggie
  2342 | D:6      | Reached * piety under Cheibriados
  2342 | D:6      | Reached skill level 10 in Earth Magic
  2385 | D:7      | Reached XP level 9. HP: 31/65 MP: 6/15
  2491 | D:7      | Found a hazy altar of Hepliaklqana.
  2532 | D:8      | Found a sacrificial altar of Ru.
  2602 | D:8      | Found a huge runed translucent gate.
  2602 | D:8      | Found a huge runed translucent gate.
  2602 | D:8      | Found a huge runed translucent gate.
  2602 | D:8      | Found a huge runed translucent gate.
  2602 | D:8      | Noticed a polar bear
  2602 | D:8      | Noticed a polar bear
  2602 | D:8      | Noticed a death yak
  2602 | D:8      | Noticed a death yak
  2602 | D:8      | Noticed a polar bear
  2652 | D:8      | Reached ** piety under Cheibriados
  2672 | D:8      | Reached skill level 5 in Fighting
  2680 | D:9      | Noticed a two-headed ogre
  2691 | D:9      | Reached skill level 5 in Dodging
  2695 | D:9      | Killed a two-headed ogre
  2745 | D:9      | Reached skill level 1 in Evocations
  2747 | D:9      | Reached XP level 10. HP: 37/78 MP: 8/16
  2787 | D:9      | Got a blackened trident
  2788 | D:9      | Identified the +9 trident of Vyigul {drain, Dex+4} (You
                  | found it on level 9 of the Dungeon)
  2854 | D:9      | Noticed a centaur warrior
  2865 | D:9      | Killed a centaur warrior
  2869 | D:9      | Reached skill level 5 in Spellcasting
  2935 | D:10     | Entered Level 10 of the Dungeon
  2936 | D:10     | Noticed a two-headed ogre
  2942 | D:9      | Noticed Psyche
  2948 | D:9      | Killed Psyche
  2948 | D:9      | Reached *** piety under Cheibriados
  2948 | D:9      | Reached skill level 11 in Earth Magic
  2948 | D:9      | Reached skill level 1 in Invocations
  3027 | D:10     | Noticed Nergalle
  3027 | D:10     | Noticed a gargoyle
  3028 | D:10     | Killed a gargoyle
  3038 | D:9      | Killed Nergalle
  3148 | D:9      | Found an ornate altar of the Wu Jian Council.
  3149 | D:9      | Found a basalt altar of Yredelemnul.
  3216 | D:9      | Noticed a two-headed ogre
  3220 | D:9      | Killed a two-headed ogre
  3220 | D:9      | Reached XP level 11. HP: 90/92 MP: 7/18
  3263 | D:9      | Got a steaming whip
  3264 | D:9      | Identified the +8 whip "Puly" {vorpal, *Corrode Dex+6} (You
                  | found it on level 9 of the Dungeon)
  3299 | D:10     | Found a staircase to the Orcish Mines.
  3383 | D:10     | Reached skill level 1 in Conjurations
  3410 | D:10     | Reached **** piety under Cheibriados
  3585 | D:10     | Reached ***** piety under Cheibriados
  3589 | D:11     | Noticed a two-headed ogre
  3589 | D:11     | Noticed a five-headed hydra
  3591 | D:11     | Reached skill level 5 in Invocations
  3630 | D:10     | Killed a two-headed ogre
  3734 | Orc:1    | Entered Level 1 of the Orcish Mines
  3734 | Orc:1    | Found Zumeiv's Antique Weapon Shop.
  3828 | Orc:1    | Found Suxyryux's Book Boutique.
  3943 | Orc:1    | Noticed an orc knight
  3975 | Orc:1    | HP: 4/94 [orc warrior/+0 short sword[an orc knight] (18)]
  3979 | Orc:1    | Killed an orc knight
  4082 | Orc:1    | Found Uruschug's Armour Shop.
  4087 | Orc:1    | Found Roseomud's Magic Scroll Emporium.
  4096 | Orc:1    | Bought a scroll of teleportation for 42 gold pieces
  4109 | Orc:2    | Entered Level 2 of the Orcish Mines
  4109 | Orc:2    | Found Juvety's Distillery.
  4115 | Orc:2    | Reached skill level 5 in Conjurations
  4255 | Orc:2    | Found Upihis's Jewellery Shoppe.
  4270 | Orc:2    | Found a staircase to the Elven Halls.
  4312 | Orc:1    | Reached XP level 12. HP: 79/101 MP: 14/20
  4388 | Orc:1    | Found Wexion's Weapon Boutique.
  4469 | Orc:2    | Found a roughly hewn altar of Beogh.
  4504 | Orc:2    | Noticed a two-headed ogre
  4511 | Orc:2    | Killed a two-headed ogre
  4521 | Orc:2    | Noticed a two-headed ogre
  4523 | Orc:2    | Noticed a two-headed ogre
  4528 | Orc:2    | Killed a two-headed ogre
  4531 | Orc:2    | Killed a two-headed ogre
  4531 | Orc:2    | Reached skill level 12 in Earth Magic
  4540 | Orc:2    | Learned a level 2 spell: Sticks to Snakes
  4545 | Orc:2    | Learned a level 4 spell: Petrify
  4547 | Orc:2    | Noticed a two-headed ogre
  4549 | Orc:2    | Noticed a two-headed ogre
  4555 | Orc:2    | Noticed a two-headed ogre
  4560 | Orc:2    | Killed a two-headed ogre
  4561 | Orc:2    | Noticed a two-headed ogre
  4564 | Orc:2    | Killed a two-headed ogre
  4566 | Orc:2    | Killed a two-headed ogre
  4570 | Orc:2    | Noticed an ogre mage
  4572 | Orc:2    | Killed a two-headed ogre
  4572 | Orc:2    | Reached skill level 5 in Transmutations
  4634 | Orc:1    | Noticed Erica
  4640 | Orc:1    | Killed Erica
  4661 | Orc:2    | Noticed a two-headed ogre
  4661 | Orc:2    | Noticed a two-headed ogre
  4661 | Orc:2    | Noticed a two-headed ogre
  4662 | Orc:2    | Noticed a two-headed ogre
  4663 | Orc:2    | Noticed a two-headed ogre
  4665 | Orc:2    | Noticed a two-headed ogre
  4696 | Orc:2    | Killed an ogre mage
  4706 | Orc:2    | Noticed a two-headed ogre
  4710 | Orc:2    | Noticed an ogre mage
  4711 | Orc:2    | Killed a two-headed ogre
  4727 | Orc:2    | Killed an ogre mage
  4744 | Orc:2    | Noticed a two-headed ogre
  4749 | Orc:2    | Killed a two-headed ogre
  4752 | Orc:2    | Noticed an ogre mage
  4758 | Orc:2    | Killed an ogre mage
  4758 | Orc:2    | Reached ****** piety under Cheibriados
  4773 | Orc:2    | Killed a two-headed ogre
  4775 | Orc:2    | Reached XP level 13. HP: 93/111 MP: 11/22
  4800 | Orc:2    | Reached skill level 10 in Fighting
  4871 | Orc:2    | Found Aboho's Magic Scroll Shop.
  4871 | Orc:2    | Found Lextes's Assorted Antiques.
  4872 | Orc:2    | Found Gatael's Antique Armour Shoppe.
  4872 | Orc:2    | Found Toel's Weapon Boutique.
  4882 | Orc:2    | Bought a papyrus book for 495 gold pieces
  5002 | D:11     | Reached skill level 10 in Dodging
  5177 | D:11     | Found Opoaneam's Jewellery Shoppe.
  5179 | D:11     | Found a radiant altar of Vehumet.
  5422 | Orc:1    | Bought a book of Ice for 780 gold pieces
  5429 | Orc:1    | Learned a level 6 spell: Ozocubu's Refrigeration
  5519 | D:10     | Found a staircase to the Lair.
  5556 | Lair:1   | Entered Level 1 of the Lair of Beasts
  5712 | Elf:1    | Entered Level 1 of the Elven Halls
  5733 | Elf:1    | Reached skill level 1 in Ice Magic
  5747 | Elf:1    | Reached skill level 5 in Ice Magic
  5845 | Elf:1    | Reached XP level 14. HP: 75/124 MP: 18/24
  5911 | Elf:1    | You fall into a shaft and drop 1 floor!
  5911 | Elf:2    | Found a huge runed translucent gate.
  5911 | Elf:2    | Found a huge runed translucent gate.
  5911 | Elf:2    | Found a huge runed translucent gate.
  5912 | Elf:2    | Found a huge runed translucent gate.
  5913 | Elf:2    | Found a huge runed translucent gate.
  5971 | Elf:1    | Mangled by a +3 dire flail of holy wrath

Illustrated notes

Levels and vault maps discovered:
D:1:      elethiomel_arrival_shortcut, layout_basic, minmay_misc_feat_ornament
D:2:      layout_basic, chequers_ecumenical_altar_island, first_ration,
          uniq_crazy_yiuf_cottage
D:3:      layout_loops_corners, kennysheep_flooded_box
D:4:      layout_loops_corners, elyvilon_altar_1,
          hangedman_decor_clover_reticule
D:5:      layout_loops_corners, uniq_sigmund
D:6:      layout_basic, trog_eyes_of_draining,
          minmay_temple_entry_gardened_gates, serial_shops, nicolae_shop_stone,
          uniq_edmund, uniq_maggie, uniq_grinder, uniq_prince_ribbit1,
          uniq_blork_the_orc
D:7:      layout_loops_ring, basic_altar
D:8:      lemuel_bear_cage, layout_basic, overflow_temple_1_default,
          lemuel_doored_altar, david_nohive_1, minmay_another_anthill
D:9:      minmay_cut_squares, layout_long_grid,
          chequers_temple_overflow_statue_of_worship, kb_rosetta, uniq_psyche
D:10:     layout_basic, lair_entry_dummy, zombieorc2_lemuel,
          nrook_mini_backslash, uniq_nergalle
D:11:     layout_rooms, basic_altar, serial_shops, nicolae_shop_behind_doors
D:12:     layout_roguey
Temple:   eino_temple_scatter_basement
Lair:1:   layout_regular_city
Orc:1:    nicolae_orc_accident_1, layout_diamond_mine, serial_shops, shop, shop,
          shop, shop, shop, nicolae_orc_bridge_out, uniq_erica
Orc:2:    st_orc_ogre_mass, layout_caves, basic_altar, serial_shops,
          nicolae_shop_stone, nicolae_shop_waterfront
Elf:1:    minmay_elf_crystal_square, layout_gridlike, basic_altar, orc_legates
Elf:2:    layout_rooms, serial_shops, shop, portal_desolation_entry_holy_temple

Skill      XL: |  1  2  3  4  5  6  7  8  9 10 11 12 13 14 |
---------------+-------------------------------------------+-----
Spellcasting   | 3 4 5 6 7 |  7.0
Earth Magic    | 4 5 7 8 10 11 12 | 12.0
Shields        | 2 4 |  4.0
Fighting       | 2 5 7 8 9 11 | 11.5
Dodging        | 3 7 8 9 10 | 10.4
Evocations     | 1 4 |  4.1
Invocations    | 3 8 |  8.0
Conjurations   | 5 |  5.0
Transmutations | 6 |  6.0
Ice Magic      | 7 9 |  9.4
Stealth        | |  1.7

Action                   |  1- 3 |  4- 6 |  7- 9 | 10-12 | 13-15 || total
-------------------------+-------+-------+-------+-------+-------++-------
Melee: Dagger            |    11 |    38 |       |       |       ||    49
       Tailslap          |     4 |    11 |     9 |    52 |    26 ||   102
       Unarmed           |     1 |       |       |       |       ||     1
       Whip              |    44 |       |       |       |       ||    44
       Long sword        |       |    49 |    57 |     3 |       ||   109
       Trident           |       |       |       |   240 |   108 ||   348
Throw: Boomerang         |       |       |       |     3 |       ||     3
 Cast: Sandblast         |    31 |    34 |    71 |    54 |     4 ||   194
       Passwall          |     2 |     5 |     5 |    13 |     3 ||    28
       Stone Arrow       |       |     4 |    10 |    41 |    31 ||    86
       Lee's Rapid Decon |       |       |    13 |    62 |    33 ||   108
       Petrify           |       |       |       |     2 |     2 ||     4
Invok: Slouch            |       |       |       |     4 |     2 ||     6
       Bend Time         |       |       |       |     2 |       ||     2
 Abil: Breathe Frost     |       |       |     5 |     4 |     1 ||    10
       Evoke Flight      |       |       |       |     1 |       ||     1
Evoke: Wand              |       |       |       |     9 |     3 ||    12
  Use: Scroll            |       |       |     8 |     9 |     2 ||    19
       Potion            |       |       |     2 |     1 |     3 ||     6
 Stab: Sleeping          |       |     3 |       |     1 |     2 ||     6
       Distracted        |       |       |     1 |     2 |       ||     3
  Eat: Ration            |       |     1 |     4 |     4 |       ||     9
       Chunk             |       |       |       |     8 |    10 ||    18
Armor: Skin              |    38 |    66 |    62 |    52 |    22 ||   240
Dodge: Dodged            |    55 |   110 |    91 |   197 |   113 ||   566
Block: Buckler           |       |    11 |    49 |   134 |    61 ||   255
       Rpst.: Long sword |       |    30 |    29 |     1 |       ||    60

Table legend:
 A = Non-vault XP
 B = Vault XP
 C = Vault XP percentage of total XP
 D = Non-vault monster count
 E = Vault monster count
 F = Vault count percentage of total count
                 A         B        C        D         E       F
            +---------+---------+-------+---------+---------+-------
      Total |   37343 |   33826 |  47.5 |     282 |     123 |  30.4
            +---------+---------+-------+---------+---------+-------
        D:1 |      17 |       0 |   0.0 |      10 |       0 |   0.0
        D:2 |     190 |       0 |   0.0 |      24 |       0 |   0.0
        D:3 |      48 |       0 |   0.0 |      18 |       0 |   0.0
        D:4 |     393 |       0 |   0.0 |      14 |       0 |   0.0
        D:5 |     375 |     227 |  37.7 |      15 |       1 |   6.2
        D:6 |     475 |     792 |  62.5 |       7 |       3 |  30.0
        D:7 |     438 |       0 |   0.0 |       8 |       0 |   0.0
        D:8 |     327 |     715 |  68.6 |      11 |      11 |  50.0
        D:9 |    2937 |    4233 |  59.0 |      15 |      18 |  54.5
       D:10 |    3939 |    1119 |  22.1 |      28 |      36 |  56.2
       D:11 |    7210 |       0 |   0.0 |      33 |       0 |   0.0
       D:12 |     424 |       0 |   0.0 |       1 |       0 |   0.0
     Lair:1 |     107 |       0 |   0.0 |       1 |       0 |   0.0
      Orc:1 |    2669 |    1676 |  38.6 |      35 |       7 |  16.7
      Orc:2 |    3734 |   20644 |  84.7 |      40 |      41 |  50.6
      Elf:1 |   12668 |    1681 |  11.7 |      19 |       3 |  13.6
      Elf:2 |    1392 |    2739 |  66.3 |       3 |       3 |  50.0
            +---------+---------+-------+---------+---------+-------
